 Dungeon Crawl Stone Soup version 0.20.1-1-g8b1a95d (webtiles) character file.

37 n0claF the Caller (level 3, -8/19 HPs)
             Began as a Deep Elf Summoner on Oct 31, 2017.
             Mangled by a gnoll
             ... wielding a +0 halberd
              (13 damage)
             ... on level 3 of the Dungeon.
             The game lasted 00:05:15 (1679 turns).

n0claF the Caller (Deep Elf Summoner)               Turns: 1679, Time: 00:05:16

Health: -8/19      AC:  2    Str:  5    XL:     3   Next: 23%
Magic:  6/10       EV: 12    Int: 20    God:
Gold:   159        SH:  3    Dex: 15    Spells: 6/9 levels left

rFire    . . .     SeeInvis .   (no weapon)
rCold    . . .     Gourm    .   d - +0 buckler
rNeg     . . .     Faith    .   a - +0 robe
rPois    .         Spirit   .   (no helmet)
rElec    .         Reflect  .   (no cloak)
rCorr    .         Harm     .   (no gloves)
MR       .....                  (no boots)
Stlth    ++........             (no amulet)
Regen    0.1/turn               (no ring)
MPRegen  0.2/turn               (no ring)

@: no status effects
A: no striking features
a: no special abilities


You were on level 3 of the Dungeon.
You were hungry.

You visited 1 branch of the dungeon, and saw 3 of its levels.

You collected 159 gold pieces.

Inventory:

Armour
 a - a +0 robe (worn)
 d - a +0 buckler (worn)
Scrolls
 e - a scroll of remove curse {unknown}
 f - a scroll of identify {unknown}
 j - a scroll of recharging {unknown}
 k - 2 scrolls of enchant armour {unknown}
Potions
 g - a potion of heal wounds {unknown}
 h - 2 potions of lignification {unknown}
 l - a potion of curing {unknown}
Books
 b - a book of Callings

   Spells                             Type                      Level
   a - Summon Small Mammal            Summoning                    1
   b - Call Imp                       Summoning                    2
   c - Call Canine Familiar           Summoning                    3
   d - Summon Guardian Golem          Hexes/Summoning              3
   e - Summon Lightning Spire         Summoning/Air                4
   f - Summon Ice Beast               Ice/Summoning                4
Comestibles
 c - a bread ration
 i - 2 meat rations


   Skills:
 + Level 2.6 Dodging
 + Level 2.6 Stealth
 + Level 3.6 Spellcasting
 + Level 5.1 Summonings


You had 6 spell levels left.
You knew the following spells:

 Your Spells              Type           Power        Failure   Level  Hunger
a - Summon Small Mammal   Summ           ###.         2%          1    None
b - Call Imp              Summ           ###.....     4%          2    ##.....


Dungeon Overview and Level Annotations

Branches:
Dungeon (3/15)

Altars:


Message History

t - Shout!
Orders for allies: a - Attack new target. p - Attack previous target. r - Retreat! s - Stop attacking. g - Guard the area. f - Follow me.
Anything else - Cancel.
Gang up on whom?
Press: ? - help, Dir - move target cursor, f/p - gnoll
Aim: a gnoll, wielding a halberd
Okay, then.
Casting: Call Imp
Confirm with . or Enter, or press ? or * to list all spells.
The gnoll hits you from afar with a halberd.
* * * LOW HITPOINT WARNING * * *
Your crimson imp hits the gnoll.
You swap places.
The gnoll hits your crimson imp with a spear!
Your quokka misses the gnoll.
The gnoll hits you from afar with a halberd!
Ouch! That really hurt!
You die...

....#.#.# #.....5...........
..#.#.#.####...#####.###....#
...........+...+.............
......#.####...######5##.....
.####.#.# #...# #5# ...
......#.# #.. #.# . ##.####.#
######5###### ..<.....#
#.rg5g........ #########
#@#####.#..... ...
.................### ###
.....##.#........gg ....
#.#.#.......g. ... #.# +
........ .. #.# ...... .. .
#.# . .. #.# ..


You could see 2 gnolls, a friendly crimson imp, a friendly shadow imp and a
friendly quokka.

Vanquished Creatures
  A hobgoblin (D:1)
1 creature vanquished.

Vanquished Creatures (collateral kills)
  3 adders
  An ooze (D:1)
  2 dart slugs
  A leopard gecko (D:1)
  A giant cockroach (D:3)
  3 goblins
  A hobgoblin (D:1)
  3 jackals (D:2)
  7 bats
  4 frilled lizards (D:2)
  2 kobolds
  A rat (D:2)
29 creatures vanquished.

Grand Total: 30 creatures vanquished

Notes
Turn   | Place    | Note
-------+----------+-------------------------------------------
     0 | D:1      | n0claF the Deep Elf Summoner began the quest for the Orb.
     0 | D:1      | Reached XP level 1. HP: 10/10 MP: 6/6
   345 | D:1      | Reached XP level 2. HP: 15/15 MP: 4/8
   791 | D:2      | Learned a level 2 spell: Call Imp
   961 | D:2      | Reached skill level 5 in Summonings
  1337 | D:3      | Reached XP level 3. HP: 10/19 MP: 2/10
  1679 | D:3      | Mangled by a gnoll

Skill      XL: |  1  2 |
---------------+-------+-----
Summonings     | 5 |  5.1
Dodging        | |  2.6
Stealth        | |  2.6
Spellcasting   | |  3.6

Action                   || total
-------------------------++-------
Melee: Unarmed           ||    10
 Cast: Summon Small Mamm ||    32
       Call Imp          ||    18
  Eat: Chunk             ||     2
Armor: Robe              ||     8
Dodge: Dodged            ||    32
Block: Buckler           ||     4
